[ AOE2 MATCH · #505639382 ]
UnrankedHindustanis vs Magyars
Rival team · WIN
[ REPLAY ANALYSIS · EXTRACTED FROM THE RECORDED GAME ]
Feudal
11:20
Castle
18:17
Imperial
—
| APM avg | 74.9 |
| APM peak | 114 |
| eAPM avg | 37.1 |
| Villagers / military | 171 / 53 |
Focus
⚔️ 35.4% · 🌾 64.6%
Monk ×34 · Scorpion ×15 · Mangonel ×4
Feudal
9:19
Castle
21:14
Imperial
—
| APM avg | 69.5 |
| APM peak | 118 |
| eAPM avg | 30.9 |
| Villagers / military | 120 / 106 |
Focus
⚔️ 39.4% · 🌾 60.6%
Archer ×52 · Knight ×37 · Monk ×6 · Mangonel ×5 · Militia ×3 · Spearman ×3
Match map
Initial resources + every placement click. Lines = walls · curves = elevation contours. ◆ gold · ⬟ stone · ● berries · ✦ relic · ◌ wall gap
Your base· Open — opponent sealed themselves in
Pirate's base· ✓ Closed at 21:14 · 35t walls · no gate
Smoothed initial terrain · ◌ = detected wall gap · hover for details
Inputs per minute
— Jørgensen - - Pirate
Build order — Jørgensen
First 150 of 391 actions detected
| 0:00 | Create | Villager (Male) |
| 0:00 | Create | Villager (Male) |
| 0:02 | Build | House |
| 0:02 | Build | House |
| 0:07 | Create | Villager (Male) |
| 0:07 | Create | Villager (Male) |
| 1:01 | Create | Villager (Male) |
| 1:32 | Create | Villager (Male) |
| 1:58 | Build | Lumber Camp |
| 1:59 | Create | Villager (Male) |
| 2:46 | Create | Villager (Male) |
| 3:14 | Create | Villager (Male) |
| 3:24 | Build | House |
| 3:29 | Create | Villager (Male) |
| 3:31 | Create | Villager (Male) |
| 4:05 | Build | House |
| 4:29 | Create | Villager (Male) |
| 4:32 | Build | Mill |
| 4:36 | Build | Mill |
| 4:54 | Create | Villager (Male) |
| 4:56 | Create | Villager (Male) |
| 4:59 | Create | Villager (Male) |
| 5:47 | Create | Villager (Male) |
| 5:59 | Build | Palisade Wall |
| 6:09 | Build | House |
| 6:11 | Create | Villager (Male) |
| 6:20 | Create | Villager (Male) |
| 6:25 | Build | Palisade Wall |
| 6:37 | Build | Palisade Wall |
| 7:24 | Create | Villager (Male) |
| 7:30 | Build | Barracks |
| 7:52 | Create | Villager (Male) |
| 7:57 | Create | Villager (Male) |
| 7:58 | Research | Loom |
| 8:10 | Build | Mining Camp |
| 8:15 | Build | Palisade Wall |
| 8:45 | Build | Palisade Wall |
| 8:46 | Research | Feudal Age |
| 9:06 | Build | Palisade Wall |
| 9:25 | Build | Palisade Wall |
| 10:17 | Create | Villager (Male) |
| 10:21 | Build | Palisade Wall |
| 10:24 | Build | Palisade Wall |
| 10:26 | Build | Palisade Wall |
| 10:27 | Build | Palisade Wall |
| 10:35 | Build | Palisade Wall |
| 10:39 | Create | Villager (Male) |
| 10:45 | Build | Palisade Wall |
| 10:47 | Build | Palisade Wall |
| 10:49 | Build | Palisade Wall |
| 10:54 | Build | Palisade Wall |
| 10:58 | Create | Villager (Male) |
| 11:00 | Build | Palisade Wall |
| 11:04 | Create | Villager (Male) |
| 11:08 | Build | Palisade Wall |
| 11:11 | Create | Villager (Male) |
| 11:15 | Build | Farm |
| 11:15 | Build | Farm |
| 11:16 | Create | Villager (Male) |
| 11:20 | Build | Palisade Wall |
| 11:20 | Age | Feudal Age |
| 11:25 | Build | Farm |
| 11:32 | Build | Blacksmith |
| 11:44 | Research | Double-Bit Axe |
| 11:48 | Build | Farm |
| 11:54 | Build | Stable |
| 12:00 | Build | Palisade Wall |
| 12:00 | Build | Palisade Wall |
| 12:17 | Build | House |
| 12:22 | Create | Villager (Male) |
| 12:39 | Build | House |
| 12:44 | Create | Villager (Male) |
| 12:52 | Create | Villager (Male) |
| 12:56 | Create | Villager (Male) |
| 12:58 | Build | Farm |
| 12:59 | Build | Farm |
| 13:02 | Create | Villager (Male) |
| 13:05 | Create | Villager (Male) |
| 13:08 | Build | Farm |
| 13:21 | Build | Farm |
| 13:24 | Build | House |
| 13:26 | Build | Stone Wall |
| 13:38 | Create | Villager (Male) |
| 13:48 | Create | Villager (Male) |
| 14:02 | Build | Stone Wall |
| 14:06 | Build | Lumber Camp |
| 14:07 | Create | Villager (Male) |
| 14:20 | Build | House |
| 14:29 | Create | Villager (Male) |
| 14:34 | Create | Villager (Male) |
| 14:38 | Build | Stone Wall |
| 14:40 | Build | Stone Wall |
| 14:43 | Create | Villager (Male) |
| 14:46 | Build | Farm |
| 15:00 | Build | Stone Wall |
| 15:07 | Build | Farm |
| 15:21 | Build | Farm |
| 15:26 | Research | Castle Age |
| 15:26 | Research | Castle Age |
| 15:31 | Create | Villager (Male) |
| 15:38 | Build | Farm |
| 15:54 | Research | Gold Mining |
| 16:01 | Build | House |
| 16:15 | Build | Farm |
| 16:21 | Create | Villager (Male) |
| 16:30 | Build | Farm |
| 16:54 | Research | Horse Collar |
| 17:52 | Build | House |
| 18:00 | Build | Lumber Camp |
| 18:17 | Age | Castle Age |
| 18:19 | Build | Siege Workshop |
| 18:24 | Create | Villager (Male) |
| 18:47 | Build | Town Center |
| 18:48 | Create | Scorpion |
| 19:00 | Create | Villager (Male) |
| 19:04 | Create | Scorpion |
| 19:10 | Create | Villager (Male) |
| 19:14 | Create | Villager (Male) |
| 19:30 | Build | Palisade Wall |
| 19:31 | Build | Palisade Wall |
| 19:32 | Build | Palisade Wall |
| 19:45 | Build | Palisade Wall |
| 19:55 | Create | Villager (Male) |
| 19:57 | Create | Villager (Male) |
| 20:00 | Create | Villager (Male) |
| 20:01 | Create | Villager (Male) |
| 20:04 | Create | Villager (Male) |
| 20:04 | Create | Villager (Male) |
| 20:12 | Create | Villager (Male) |
| 20:20 | Create | Scorpion |
| 20:20 | Create | Scorpion |
| 20:30 | Create | Scorpion |
| 20:30 | Create | Scorpion |
| 20:37 | Research | Bow Saw |
| 20:41 | Create | Villager (Male) |
| 20:45 | Create | Villager (Male) |
| 20:46 | Build | Monastery |
| 20:55 | Create | Villager (Male) |
| 21:05 | Build | Mining Camp |
| 21:10 | Create | Villager (Male) |
| 21:13 | Create | Villager (Male) |
| 21:17 | Create | Villager (Male) |
| 21:38 | Create | Monk |
| 21:40 | Build | Farm |
| 21:43 | Create | Villager (Male) |
| 21:46 | Create | Villager (Male) |
| 21:49 | Create | Monk |
| 21:54 | Create | Villager (Male) |
| 22:11 | Build | Farm |
| 22:11 | Build | Farm |
Build order — Pirate
First 150 of 387 actions detected
| 0:00 | Create | Villager (Male) |
| 0:00 | Create | Villager (Male) |
| 0:01 | Build | House |
| 0:02 | Build | House |
| 0:04 | Create | Villager (Male) |
| 0:05 | Create | Villager (Male) |
| 1:22 | Create | Villager (Male) |
| 1:52 | Build | Lumber Camp |
| 1:55 | Create | Villager (Male) |
| 2:19 | Create | Villager (Male) |
| 2:50 | Create | Villager (Male) |
| 2:50 | Create | Villager (Male) |
| 3:26 | Build | House |
| 3:39 | Create | Villager (Male) |
| 3:53 | Build | House |
| 4:12 | Create | Villager (Male) |
| 4:12 | Create | Villager (Male) |
| 4:54 | Create | Villager (Male) |
| 4:54 | Create | Villager (Male) |
| 5:23 | Create | Villager (Male) |
| 6:04 | Build | Barracks |
| 6:05 | Build | Palisade Wall |
| 6:12 | Research | Loom |
| 6:44 | Create | Villager (Male) |
| 6:58 | Build | Mining Camp |
| 7:02 | Research | Feudal Age |
| 7:12 | Create | Militia |
| 7:35 | Create | Militia |
| 7:57 | Build | House |
| 8:01 | Create | Militia |
| 8:32 | Create | Villager (Male) |
| 8:34 | Build | House |
| 9:19 | Age | Feudal Age |
| 9:25 | Research | Man-at-Arms (upgrade) |
| 9:40 | Create | Villager (Male) |
| 9:41 | Build | Archery Range |
| 10:07 | Create | Villager (Male) |
| 10:10 | Create | Spearman |
| 10:15 | Build | Mill |
| 10:22 | Create | Villager (Male) |
| 10:39 | Create | Archer |
| 10:39 | Create | Archer |
| 10:51 | Build | House |
| 10:52 | Build | Palisade Wall |
| 10:52 | Build | Palisade Wall |
| 10:54 | Build | Palisade Wall |
| 11:08 | Create | Villager (Male) |
| 11:11 | Research | Double-Bit Axe |
| 11:14 | Build | Farm |
| 11:16 | Build | Farm |
| 11:20 | Create | Archer |
| 11:42 | Create | Villager (Male) |
| 11:42 | Create | Villager (Male) |
| 11:57 | Build | Farm |
| 11:59 | Build | Farm |
| 12:19 | Create | Archer |
| 12:20 | Create | Villager (Male) |
| 12:22 | Create | Spearman |
| 12:43 | Create | Villager (Male) |
| 13:08 | Create | Villager (Male) |
| 13:10 | Build | Farm |
| 13:13 | Create | Villager (Male) |
| 13:14 | Build | Farm |
| 13:15 | Build | Farm |
| 13:16 | Create | Spearman |
| 13:17 | Create | Archer |
| 13:30 | Build | House |
| 13:32 | Build | Farm |
| 13:33 | Create | Villager (Male) |
| 13:51 | Research | Wheelbarrow |
| 13:57 | Build | House |
| 13:58 | Build | Palisade Wall |
| 14:02 | Create | Archer |
| 14:04 | Create | Villager (Male) |
| 14:37 | Research | Horse Collar |
| 14:43 | Build | Blacksmith |
| 14:45 | Create | Villager (Male) |
| 14:53 | Build | Farm |
| 14:55 | Create | Villager (Male) |
| 15:01 | Research | Horse Collar |
| 15:11 | Create | Archer |
| 15:15 | Create | Archer |
| 15:19 | Research | Fletching |
| 15:43 | Create | Archer |
| 15:45 | Create | Villager (Male) |
| 15:45 | Create | Villager (Male) |
| 15:47 | Build | Farm |
| 15:51 | Build | Farm |
| 16:25 | Build | House |
| 16:26 | Build | Palisade Wall |
| 16:27 | Create | Villager (Male) |
| 16:33 | Build | Farm |
| 16:53 | Build | Farm |
| 16:55 | Create | Villager (Male) |
| 16:58 | Build | House |
| 16:59 | Build | House |
| 17:00 | Build | Palisade Wall |
| 17:04 | Create | Archer |
| 17:41 | Create | Villager (Male) |
| 18:00 | Create | Villager (Male) |
| 18:34 | Research | Castle Age |
| 18:35 | Research | Castle Age |
| 19:01 | Research | Gold Mining |
| 19:11 | Create | Villager (Male) |
| 20:08 | Create | Archer |
| 20:09 | Create | Archer |
| 20:15 | Research | Scale Barding Armor |
| 20:22 | Build | Stable |
| 20:29 | Create | Archer |
| 20:29 | Create | Archer |
| 20:35 | Build | Lumber Camp |
| 20:36 | Build | Farm |
| 20:37 | Build | Farm |
| 20:46 | Build | Farm |
| 20:57 | Build | Farm |
| 21:00 | Create | Archer |
| 21:14 | Age | Castle Age |
| 21:16 | Research | Bodkin Arrow |
| 21:21 | Research | Crossbowman (upgrade) |
| 21:25 | Create | Knight |
| 21:26 | Create | Knight |
| 21:33 | Build | Monastery |
| 21:35 | Build | Farm |
| 21:36 | Build | Farm |
| 21:38 | Create | Villager (Male) |
| 21:38 | Create | Villager (Male) |
| 21:40 | Research | Bow Saw |
| 21:51 | Create | Archer |
| 21:58 | Create | Knight |
| 22:06 | Create | Archer |
| 22:06 | Create | Archer |
| 22:11 | Create | Villager (Male) |
| 22:23 | Create | Monk |
| 22:32 | Create | Knight |
| 22:51 | Create | Archer |
| 23:21 | Create | Knight |
| 23:31 | Create | Archer |
| 23:32 | Create | Villager (Male) |
| 23:32 | Create | Villager (Male) |
| 23:45 | Build | Town Center |
| 23:51 | Create | Archer |
| 24:00 | Build | Archery Range |
| 24:03 | Build | Town Center |
| 24:07 | Create | Archer |
| 24:16 | Create | Knight |
| 24:22 | Create | Villager (Male) |
| 24:29 | Create | Villager (Male) |
| 24:29 | Create | Villager (Male) |
| 24:31 | Build | Farm |
| 24:32 | Build | Farm |
Match timeline
| 5:59 | Jørgensen · wall_segment Palisade Wall x9 |
| 6:04 | Pirate · first_building Barracks |
| 6:05 | Pirate · wall_segment Palisade Wall x1 |
| 6:25 | Jørgensen · wall_segment Palisade Wall x8 |
| 6:37 | Jørgensen · wall_segment Palisade Wall x6 |
| 7:30 | Jørgensen · first_building Barracks |
| 8:15 | Jørgensen · wall_segment Palisade Wall x5 |
| 8:45 | Jørgensen · wall_segment Palisade Wall x1 |
| 9:06 | Jørgensen · wall_segment Palisade Wall x2 |
| 9:19 | Pirate · age_up feudal |
| 9:25 | Jørgensen · wall_segment Palisade Wall x1 |
| 9:41 | Pirate · first_building Archery Range |
| 10:21 | Jørgensen · wall_segment Palisade Wall x1 |
| 10:24 | Jørgensen · wall_segment Palisade Wall x1 |
| 10:26 | Jørgensen · wall_segment Palisade Wall x1 |
| 10:27 | Jørgensen · wall_segment Palisade Wall x1 |
| 10:35 | Jørgensen · wall_segment Palisade Wall x1 |
| 10:45 | Jørgensen · wall_segment Palisade Wall x1 |
| 10:47 | Jørgensen · wall_segment Palisade Wall x1 |
| 10:49 | Jørgensen · wall_segment Palisade Wall x1 |
| 10:52 | Pirate · wall_segment Palisade Wall x1 |
| 10:52 | Pirate · wall_segment Palisade Wall x1 |
| 10:54 | Jørgensen · wall_segment Palisade Wall x1 |
| 10:54 | Pirate · wall_segment Palisade Wall x4 |
| 11:00 | Jørgensen · wall_segment Palisade Wall x1 |
| 11:08 | Jørgensen · wall_segment Palisade Wall x1 |
| 11:20 | Jørgensen · wall_segment Palisade Wall x2 |
| 11:20 | Jørgensen · age_up feudal |
| 11:54 | Jørgensen · first_building Stable |
| 12:00 | Jørgensen · wall_segment Palisade Wall x1 |
| 12:00 | Jørgensen · wall_segment Palisade Wall x1 |
| 13:26 | Jørgensen · wall_segment Stone Wall x1 |
| 13:58 | Pirate · wall_segment Palisade Wall x10 |
| 14:02 | Jørgensen · wall_segment Stone Wall x3 |
| 14:38 | Jørgensen · wall_segment Stone Wall x2 |
| 14:40 | Jørgensen · wall_segment Stone Wall x2 |
| 15:00 | Jørgensen · wall_segment Stone Wall x2 |
| 16:26 | Pirate · wall_segment Palisade Wall x10 |
| 17:00 | Pirate · wall_segment Palisade Wall x8 |
| 18:17 | Jørgensen · age_up castle |
| 18:19 | Jørgensen · first_building Siege Workshop |
| 19:30 | Jørgensen · wall_segment Palisade Wall x1 |
| 19:31 | Jørgensen · wall_segment Palisade Wall x1 |
| 19:32 | Jørgensen · wall_segment Palisade Wall x1 |
| 19:45 | Jørgensen · wall_segment Palisade Wall x1 |
| 20:22 | Pirate · first_building Stable |
| 20:46 | Jørgensen · first_building Monastery |
| 21:14 | Pirate · age_up castle |
| 21:33 | Pirate · first_building Monastery |
| 26:20 | Pirate · first_building Siege Workshop |
| 33:57 | Jørgensen · wall_segment Palisade Wall x1 |
| 34:12 | Jørgensen · wall_segment Palisade Wall x1 |
| 37:20 | Pirate · first_building Castle |
| 38:09 | Jørgensen · resign |
[ AI ANALYSIS · 1 CREDIT ]
What really happened in this match?
Wolo.gg analyzes every decision: build order, eco, micro, common mistakes by bracket. Personalized analysis on WhatsApp or Discord in 30 seconds.
Civ guide
Hindustanis
Perfil
Jugador #2574050